 Dungeon Crawl Stone Soup version 0.21-a0-349-g0c35859 (webtiles) character file.

55 KristoblXynda the Charlatan (level 3, -1/17 HPs)
             Began as a Spriggan Artificer on Oct 7, 2017.
             Was an Initiate of Ashenzari.
             Slain by a worm (11 damage)
             ... on level 2 of the Dungeon on Oct 8, 2017.
             The game lasted 00:04:24 (1900 turns).

KristoblXynda the Charlatan (Spriggan Artificer)    Turns: 1900, Time: 00:04:25

Health: -1/17      AC:  2    Str:  8    XL:     3   Next: 67%
Magic:  7/7        EV: 18    Int: 13    God:    Ashenzari [......]
Gold:   60         SH:  0    Dex: 16    Spells: 2/2 levels left

rFire    . . .     SeeInvis +   a - +0 short sword
rCold    . . .     Gourm    .   (shield restricted)
rNeg     . . .     Faith    .   b - +0 robe
rPois    .         Spirit   .   (helmet restricted)
rElec    .         Reflect  .   (no cloak)
rCorr    .         Harm     .   (gloves unavailable)
MR       .....                  (boots unavailable)
Stlth    ++........             (no amulet)
HPRegen  0.05/turn              (no ring)
MPRegen  0.10/turn              (no ring)

@: very quick
A: unfitting armour, see invisible, herbivore 3, speed 3, slow metabolism 2
a: Curse Item, Renounce Religion


You were on level 2 of the Dungeon.
You worshipped Ashenzari.
Ashenzari was noncommittal.
You were not hungry.

You visited 1 branch of the dungeon, and saw 2 of its levels.

You collected 60 gold pieces.

Inventory:

Hand Weapons
 a - a +0 short sword (weapon)
Armour
 b - a +0 robe (worn)
Wands
 c - a wand of flame (6/48)
 d - a wand of enslavement (15/24)
 e - a wand of random effects (10/48)
Scrolls
 g - a scroll of enchant armour {unknown}
 i - a scroll of enchant weapon {unknown}
 k - a scroll of noise {unknown}
 l - 2 scrolls of identify {unknown}
 n - a scroll of amnesia {unknown}
 o - a scroll of immolation {unknown}
Potions
 h - a potion of cancellation {unknown}
 j - a potion of agility {unknown}
 m - a potion of degeneration {unknown}
Comestibles
 f - 3 bread rations


   Skills:
 - Level 0.7 Fighting
 + Level 2.4 Short Blades
 - Level 3.0 Dodging
 + Level 2.6 Stealth
 + Level 5.2 Evocations


You had 2 spell levels left.
You didn't know any spells.

Dungeon Overview and Level Annotations

Branches:
Dungeon (2/15)

Altars:
Ashenzari
Elyvilon


Innate Abilities, Weirdness & Mutations

You are very small and have problems with some larger weapons.
You are too small for most types of armour.
You have supernaturally acute eyesight. (SInv)
You are a herbivore.
You cover ground extremely quickly.
You need consume almost no food.


Message History

You hit the worm.
The worm is moderately wounded.
You barely miss the worm.
The worm is moderately wounded.
The worm bites you!
You barely miss the worm.
The worm is moderately wounded.
You hit the worm but do no damage.
The worm is moderately wounded.
The worm misses you.
You hit the worm.
The worm is moderately wounded.
The worm misses you.
You hit the worm.
The worm is moderately wounded.
You barely miss the worm.
The worm is moderately wounded.
The worm bites you!
Ouch! That really hurt!
You die...

##### #... #
##########.####.##
..#.†............##
#.#.#######........
#.#.# #.####.##
###.#.### #.#
#...@...# ##.##
#.#w#.######...###.
#S#.#......_......
..#....###...####.
...####.# ##.##
#... #.# #.# ##.#
#.####.# #.
#......##### .
####.......##


You could see a worm and an adder.

Vanquished Creatures
  2 adders (D:2)
  2 worms (D:2)
  2 bats (D:1)
  A giant cockroach (D:1)
  5 goblins
  2 hobgoblins (D:1)
  2 jackals (D:2)
  8 frilled lizards
  7 kobolds
  4 rats (D:1)
35 creatures vanquished.

Notes
Turn   | Place    | Note
-------+----------+-------------------------------------------
     0 | D:1      | KristoblXynda the Spriggan Artificer began the quest for the Orb.
     0 | D:1      | Reached XP level 1. HP: 9/9 MP: 4/4
   612 | D:1      | Reached XP level 2. HP: 11/14 MP: 6/6
  1125 | D:2      | Reached skill level 5 in Evocations
  1590 | D:2      | Reached XP level 3. HP: 17/17 MP: 7/7
  1647 | D:2      | Found a shattered altar of Ashenzari.
  1656 | D:2      | Became a worshipper of Ashenzari the Shackled
  1863 | D:2      | Found a white marble altar of Elyvilon.
  1900 | D:2      | Slain by a worm

Vault maps used:
D:1:      dpeg_arrival_castle, serial_glass, glass_columns_c, glass_columns_a,
          glass_columns_c, glass_columns_b, glass_columns_c, glass_columns_a,
          glass_columns_a, glass_columns_a, grunt_decor_fettered
D:2:      lemuel_round_altar, nicolae_overflow_crystal_walls,
          serial_bayou_crossing

Skill      XL: |  1  2 |
---------------+-------+-----
Short Blades   | 2 |  2.4
Evocations     | 5 |  5.2
Stealth        | 2 |  2.6
Fighting       | |  0.7
Dodging        | |  3.0

Action                   || total
-------------------------++-------
Melee: Short sword       ||   132
Evoke: Wand              ||    14
 Stab: Sleeping          ||     5
Armor: Robe              ||    14
Dodge: Dodged            ||    90

Table legend:
 A = Spawn XP
 B = Non-spawn XP
 C = Spawn XP percentage of total XP
 D = Spawn monster count
 E = Non-spawn monster count
 F = Spawn count percentage of total count
 G = Total turns spent on level
                    A         B        C        D         E        F      G
               +---------+---------+-------+---------+---------+-------+---------
         Total |       0 |      79 |   0.0 |       0 |      35 |   0.0 |  1900
               +---------+---------+-------+---------+---------+-------+---------
           D:1 |       0 |      33 |   0.0 |       0 |      24 |   0.0 |  1115
           D:2 |       0 |      46 |   0.0 |       0 |      11 |   0.0 |   785
               +---------+---------+-------+---------+---------+-------+---------
